SL
GRAFTON MIDDIES @ WIZARDING EXPRESS
06/26/2030
 
TOP OF THE 1ST
Grafton Middies batting - Pitching for Wizarding Express : RHP Ralph McKinney
Pitching: RHP Ralph McKinney
Batting: RHB Pedro Santos 0-0: Ball
1-0: DOUBLE (Line Drive, 7LD)
Batting: RHB Carlos Maldonado 0-0: Ball
1-0: Ground out 4-3 (Groundball, 4)
Pedro Santos to third
Batting: LHB Mario Ramos 0-0: Ball
1-0: Foul Ball, location: 2F
1-1: Ball
2-1: Ground out 5-3 (Groundball, 5)
Batting: LHB Phil MacNamara 0-0: Swinging Strike
0-1: Called Strike
0-2: Strikes out swinging
Top of the 1st over - 0 runs, 1 hit, 0 errors, 1 left on base; Grafton 0 - Wizarding 0
BOTTOM OF THE 1ST
Wizarding Express batting - Pitching for Grafton Middies : LHP António Muńóz
Pitching: LHP António Muńóz
Batting: RHB António Martínez 0-0: Ball
1-0: Swinging Strike
1-1: SINGLE (Line Drive, 8LS)
Batting: LHB José Corona 0-0: Foul Ball, location: 2F
0-1: Foul Ball, location: 2F
0-2: Ball
Wild Pitch!
António Martínez to second
1-2: Ball
2-2: Ball
3-2: Ground out 6-3 (Groundball, 56)
Batting: LHB Nathan Tanner 0-0: Called Strike
0-1: Ball
1-1: Swinging Strike
1-2: Strikes out swinging
Batting: RHB Ralph Cranford 0-0: Called Strike
0-1: Ball
1-1: Ball
2-1: Fly out, F7 (Flyball, 7LM)
Bottom of the 1st over - 0 runs, 1 hit, 0 errors, 1 left on base; Grafton 0 - Wizarding 0
TOP OF THE 2ND
Grafton Middies batting - Pitching for Wizarding Express : RHP Ralph McKinney
Batting: RHB Cristo González 0-0: Swinging Strike
0-1: Ball
1-1: Swinging Strike
1-2: Ball
2-2: SOLO HOME RUN (Flyball, 7LD), Distance : 322 ft
Batting: RHB Stefano Gaddi 0-0: Ball
1-0: Fly out, F9 (Flyball, 89D)
Batting: LHB Jorge Flores 0-0: Foul Ball, location: 2F
0-1: Foul Ball, location: 2F
0-2: Ball
1-2: Ball
2-2: Ball
3-2: Ground out 4-3 (Groundball, 4M)
Batting: LHB John Meléndez 0-0: Ground out U3 (Groundball, 3L)
Top of the 2nd over - 1 run, 1 hit, 0 errors, 0 left on base; Grafton 1 - Wizarding 0
BOTTOM OF THE 2ND
Wizarding Express batting - Pitching for Grafton Middies : LHP António Muńóz
Batting: SHB Fernando Sánchez 0-0: Ball
1-0: SOLO HOME RUN (Flyball, 7LD), Distance : 329 ft
Batting: SHB Salvador Trevino 0-0: Called Strike
0-1: Ground out 5-3 (Groundball, 5)
Batting: RHB Frank Grimes 0-0: Called Strike
0-1: Ground out 5-3 (Groundball, 56)
Batting: LHB David Breitling 0-0: Called Strike
0-1: Ball
1-1: Ball
2-1: Ball
3-1: Base on Balls
Batting: SHB Jake Richardson 0-0: Ball
1-0: Called Strike
1-1: Swinging Strike
1-2: Foul Ball, location: 2F
1-2: Ball
2-2: Strikes out swinging
Bottom of the 2nd over - 1 run, 1 hit, 0 errors, 1 left on base; Grafton 1 - Wizarding 1
TOP OF THE 3RD
Grafton Middies batting - Pitching for Wizarding Express : RHP Ralph McKinney
Batting: LHB Juan Caro 0-0: Ball
1-0: Fly out, F8 (Line Drive, 8RD)
Batting: RHB Pedro Santos 0-0: Ball
1-0: Called Strike
1-1: Called Strike
1-2: Foul Ball, location: 2F
1-2: Foul Ball, location: 2F
1-2: Fly out, F4 (Line Drive, 4)
Batting: RHB Carlos Maldonado 0-0: Ball
1-0: Ball
2-0: Called Strike
2-1: Fly out, F9 (Flyball, 9D)
Top of the 3rd over - 0 runs, 0 hits, 0 errors, 0 left on base; Grafton 1 - Wizarding 1
BOTTOM OF THE 3RD
Wizarding Express batting - Pitching for Grafton Middies : LHP António Muńóz
Batting: RHB António Martínez 0-0: Ball
1-0: Called Strike
1-1: Foul Ball, location: 2F
1-2: Ball
2-2: Fly out, F9 (Flyball, 89D)
Batting: LHB José Corona 0-0: Foul Ball, location: 2F
0-1: Ball
1-1: Called Strike
1-2: Ball
2-2: Ground out 3-1 (Groundball, 34)
Batting: LHB Nathan Tanner 0-0: Fly out, F7 (Line Drive, 78M)
Bottom of the 3rd over - 0 runs, 0 hits, 0 errors, 0 left on base; Grafton 1 - Wizarding 1
TOP OF THE 4TH
Grafton Middies batting - Pitching for Wizarding Express : RHP Ralph McKinney
Batting: LHB Mario Ramos 0-0: Ball
1-0: Ground out U3 (Groundball, 3)
Batting: LHB Phil MacNamara 0-0: Fly out, F7 (Flyball, 78M)
Batting: RHB Cristo González 0-0: Called Strike
0-1: Ball
1-1: Ground out 6-3 (Groundball, 6)
Top of the 4th over - 0 runs, 0 hits, 0 errors, 0 left on base; Grafton 1 - Wizarding 1
BOTTOM OF THE 4TH
Wizarding Express batting - Pitching for Grafton Middies : LHP António Muńóz
Batting: RHB Ralph Cranford 0-0: SOLO HOME RUN (Flyball, 7D), Distance : 372 ft
Batting: SHB Fernando Sánchez 0-0: Ball
1-0: Called Strike
1-1: Foul Ball, location: 2F
1-2: Strikes out looking
Batting: SHB Salvador Trevino 0-0: Ball
1-0: Ball
2-0: Ball
3-0: Called Strike
3-1: Ground out 5-3 (Groundball, 56)
Batting: RHB Frank Grimes 0-0: Called Strike
0-1: Called Strike
0-2: Ball
1-2: Foul Ball, location: 2F
1-2: Ball
2-2: Fly out, F9 (Flyball, 9LM)
Bottom of the 4th over - 1 run, 1 hit, 0 errors, 0 left on base; Grafton 1 - Wizarding 2
TOP OF THE 5TH
Grafton Middies batting - Pitching for Wizarding Express : RHP Ralph McKinney
Batting: RHB Stefano Gaddi 0-0: Ball
1-0: Foul Ball, location: 2F
1-1: Foul Ball, location: 2F
1-2: Ground out 6-3 (Groundball, 6)
Batting: LHB Jorge Flores 0-0: Called Strike
0-1: Foul Ball, location: 2F
0-2: Fly out, F8 (Flyball, 8LM)
Batting: LHB John Meléndez 0-0: Ball
1-0: Ground out 6-3 (Groundball, 6)
Top of the 5th over - 0 runs, 0 hits, 0 errors, 0 left on base; Grafton 1 - Wizarding 2
BOTTOM OF THE 5TH
Wizarding Express batting - Pitching for Grafton Middies : LHP António Muńóz
Batting: LHB David Breitling 0-0: Called Strike
0-1: Swinging Strike
0-2: Fly out, F9 (Flyball, 9LM)
Batting: SHB Jake Richardson 0-0: Called Strike
0-1: Foul Ball, location: 2F
0-2: Ball
1-2: Strikes out swinging
Batting: RHB António Martínez 0-0: Ball
1-0: Called Strike
1-1: Swinging Strike
1-2: Strikes out swinging
Bottom of the 5th over - 0 runs, 0 hits, 0 errors, 0 left on base; Grafton 1 - Wizarding 2
TOP OF THE 6TH
Grafton Middies batting - Pitching for Wizarding Express : RHP Ralph McKinney
Batting: LHB Juan Caro 0-0: Called Strike
0-1: Foul Ball, location: 2F
0-2: SINGLE (Groundball, 4MD)
Batting: RHB Pedro Santos 0-0: Ball
Juan Caro is caught stealing 2nd base
1-0: Ball
2-0: Foul Ball, location: 2F
2-1: DOUBLE (Line Drive, 9LM)
Batting: RHB Carlos Maldonado 0-0: Ball
1-0: Called Strike
1-1: Swinging Strike
1-2: Ball
2-2: Foul Ball, location: 2F
2-2: SINGLE (Flyball, 89S)
Pedro Santos to third
Batting: LHB Mario Ramos 0-0: SINGLE (Flyball, 6MD)
Pedro Santos scores
Carlos Maldonado to second
Batting: LHB Phil MacNamara 0-0: Fly out, F7 (Flyball, 7LS)
Batting: RHB Cristo González 0-0: Foul Ball, location: 2F
0-1: Ball
1-1: Ball
2-1: Swinging Strike
2-2: Ball
3-2: Ground out 5-3 (Groundball, 56)
Top of the 6th over - 1 run, 4 hits, 0 errors, 2 left on base; Grafton 2 - Wizarding 2
BOTTOM OF THE 6TH
Wizarding Express batting - Pitching for Grafton Middies : LHP António Muńóz
Batting: LHB José Corona 0-0: Ball
1-0: Ball
2-0: Ball
3-0: Base on Balls
Batting: LHB Nathan Tanner 0-0: Ball
1-0: Foul Ball, location: 2F
1-1: Foul Ball, location: 2F
1-2: Fly out, F8 (Flyball, 8RM)
Batting: RHB Ralph Cranford 0-0: Called Strike
0-1: Ball
1-1: Ball
2-1: Grounds into double play, 5-4-3 (Groundball, 56)
Bottom of the 6th over - 0 runs, 0 hits, 0 errors, 0 left on base; Grafton 2 - Wizarding 2
TOP OF THE 7TH
Grafton Middies batting - Pitching for Wizarding Express : RHP Ralph McKinney
Batting: RHB Stefano Gaddi 0-0: Called Strike
0-1: Called Strike
0-2: Ground out 6-3 (Groundball, 6)
Batting: LHB Jorge Flores 0-0: Ball
1-0: Foul Ball, location: 2F
1-1: Fly out, F8 (Flyball, 8LS)
Batting: LHB John Meléndez 0-0: DOUBLE (Line Drive, 89D)
Pitching: LHP Eijiro Takahashi
Pinch Hitting: SHB Leonard O'Connor 0-0: Swinging Strike
0-1: Foul Ball, location: 2F
0-2: Ball
1-2: Foul Ball, location: 2F
1-2: Ball
2-2: Foul Ball, location: 2F
2-2: Foul Ball, location: 2F
2-2: Ball
3-2: DOUBLE (Line Drive, 89D)
John Meléndez scores
Batting: RHB Pedro Santos 0-0: Called Strike
0-1: Swinging Strike
0-2: Strikes out swinging
Top of the 7th over - 1 run, 2 hits, 0 errors, 1 left on base; Grafton 3 - Wizarding 2
BOTTOM OF THE 7TH
Wizarding Express batting - Pitching for Grafton Middies : LHP António Muńóz
Now in CF: Ramón Gómez
Batting: SHB Fernando Sánchez 0-0: Called Strike
0-1: Called Strike
0-2: Ball
1-2: Strikes out swinging
Batting: SHB Salvador Trevino 0-0: Ball
1-0: Called Strike
1-1: Ball
2-1: SINGLE (Groundball, 34D)
Batting: RHB Frank Grimes 0-0: Ball
1-0: Ball
2-0: Called Strike
2-1: SINGLE (Flyball, 9S)
Salvador Trevino to second
Runner from 2nd tries for 3rd, SAFE, no throw
Batting: LHB David Breitling 0-0: Ball
1-0: Grounds into double play, 1-6-3 (Groundball, 13)
Bottom of the 7th over - 0 runs, 2 hits, 0 errors, 1 left on base; Grafton 3 - Wizarding 2
TOP OF THE 8TH
Grafton Middies batting - Pitching for Wizarding Express : LHP Eijiro Takahashi
Batting: RHB Carlos Maldonado 0-0: Swinging Strike
0-1: Called Strike
0-2: Ball
1-2: Foul Ball, location: 2F
1-2: Strikes out swinging
Batting: LHB Mario Ramos 0-0: Ball
1-0: Swinging Strike
1-1: SINGLE (Line Drive, 56D)
Batting: LHB Phil MacNamara 0-0: Called Strike
0-1: Ball
1-1: Ball
2-1: 2-RUN HOME RUN (Line Drive, 9D), Distance : 365 ft
Batting: RHB Cristo González 0-0: Ball
1-0: Called Strike
1-1: Ball
2-1: Swinging Strike
2-2: Foul Ball, location: 2F
2-2: Ball
3-2: Base on Balls
Batting: RHB Stefano Gaddi 0-0: Called Strike
Cristo González steals 2nd base
0-1: Ball
1-1: Intentional Walk
Batting: LHB Jorge Flores 0-0: DOUBLE (Line Drive, 78M)
Cristo González scores
Stefano Gaddi to third
Runner from 3rd tries for Home, SAFE, no throw
Pitching: LHP Octávio Ríos
Batting: LHB John Meléndez 0-0: Foul Ball, location: 2F
0-1: Swinging Strike
0-2: Ball
1-2: Ball
2-2: Strikes out looking
Batting: RHB Ramón Gómez 0-0: Ball
1-0: Ground out 6-3 (Groundball, 6)
Top of the 8th over - 4 runs, 3 hits, 0 errors, 1 left on base; Grafton 7 - Wizarding 2
BOTTOM OF THE 8TH
Wizarding Express batting - Pitching for Grafton Middies : LHP António Muńóz
Batting: SHB Jake Richardson 0-0: Ball
1-0: Ball
2-0: Foul Ball, location: 2F
2-1: Ball
3-1: Base on Balls
Batting: RHB António Martínez 0-0: Ball
1-0: Ball
2-0: Foul Ball, location: 2F
2-1: Ball
3-1: SINGLE (Line Drive, 78S)
Jake Richardson to second
Batting: LHB José Corona 0-0: Ball
1-0: Called Strike
1-1: Ball
2-1: Swinging Strike
2-2: Ball
3-2: SINGLE (Line Drive, 6M)
Jake Richardson to third
António Martínez to second
Batting: LHB Nathan Tanner 0-0: Ball
1-0: Ball
2-0: Called Strike
2-1: Swinging Strike
2-2: Ball
3-2: Foul Ball, location: 2F
3-2: SINGLE (Line Drive, 6D)
Jake Richardson scores
António Martínez to third
José Corona to second
Pitching: RHP Dylan Silva
Batting: RHB Ralph Cranford 0-0: Swinging Strike
0-1: SINGLE (Line Drive, 6)
António Martínez scores
José Corona to third
Nathan Tanner to second
Batting: SHB Fernando Sánchez 0-0: Foul Ball, location: 2F
0-1: Swinging Strike
0-2: Strikes out swinging
Batting: SHB Salvador Trevino 0-0: Foul Ball, location: 2F
0-1: Ball
1-1: Ball
2-1: Ground out 5-3 (Groundball, 56S)
José Corona scores
Nathan Tanner to third
Ralph Cranford to second
Batting: RHB Frank Grimes 0-0: Ball
1-0: Foul Ball, location: 2F
1-1: Ground out 4-3 (Groundball, 4)
Bottom of the 8th over - 3 runs, 4 hits, 0 errors, 2 left on base; Grafton 7 - Wizarding 5
TOP OF THE 9TH
Grafton Middies batting - Pitching for Wizarding Express : LHP Octávio Ríos
Batting: RHB Pedro Santos 0-0: Foul Ball, location: 2F
0-1: Called Strike
0-2: Strikes out swinging
Batting: RHB Carlos Maldonado 0-0: Called Strike
0-1: Swinging Strike
0-2: Ball
1-2: Strikes out swinging
Batting: LHB Mario Ramos 0-0: Called Strike
0-1: Ball
1-1: Foul Ball, location: 2F
1-2: Strikes out looking
Top of the 9th over - 0 runs, 0 hits, 0 errors, 0 left on base; Grafton 7 - Wizarding 5
BOTTOM OF THE 9TH
Wizarding Express batting - Pitching for Grafton Middies : RHP Dylan Silva
Pitching: RHP Kenete Daku
Batting: LHB David Breitling 0-0: Called Strike
0-1: Fly out, F9 (Flyball, 89M)
Batting: SHB Jake Richardson 0-0: Ball
1-0: Called Strike
1-1: Called Strike
1-2: Ball
2-2: Strikes out looking
Batting: RHB António Martínez 0-0: Single, Error in OF, E7, batter to second base
Batting: LHB José Corona 0-0: Ball
1-0: Called Strike
1-1: Ball
Wild Pitch!
António Martínez to third
2-1: Ball
3-1: Base on Balls
Batting: LHB Nathan Tanner 0-0: Ball
1-0: Ball
2-0: Ball
3-0: Called Strike
3-1: Foul Ball, location: 2F
3-2: Fly out, F8 (Flyball, 8LD)
Bottom of the 9th over - 0 runs, 1 hit, 1 error, 2 left on base; Grafton 7 - Wizarding 5
Sunday, March 18th, 2018 - OOTP Baseball 18.8 Build 76